 Dungeon Crawl Stone Soup version 0.29.1-12-g30fa7ad0bf (webtiles) character file.

Game seed: 10879262098727441963

30 kingofthe the Magician (level 3, 0/19 HPs)
             Began as a Deep Elf Hedge Wizard on Jan 15, 2023.
             Slain by a jackal (1 damage)
             ... on level 1 of the Dungeon.
             The game lasted 00:03:02 (902 turns).

kingofthe the Magician (Deep Elf Hedge Wizard)       Turns: 902, Time: 00:03:02

Health: 0/19       AC:  2    Str:  7    XL:     3   Next: 5%
Magic:  1/11       EV: 13    Int: 18    God:
Gold:   50         SH:  0    Dex: 16    Spells: 8/11 levels left

rFire   . . .      SeeInvis .   a - +0 dagger
rCold   . . .      Faith    .   (no shield)
rNeg    . . .      Spirit   .   b - +0 robe
rPois   .          Reflect  .   c - +0 hat
rElec   .          Harm     .   (no cloak)
rCorr   .          Rampage  .   (no gloves)
Will    .....                   (no boots)
Stlth   ++........              (no amulet)
HPRegen 0.06/turn               (no ring)
MPRegen 0.12/turn               (no ring)

@: no status effects
A: no striking features
a: no special abilities


You were on level 1 of the Dungeon.
You visited 1 branch of the dungeon, and saw 1 of its levels.

You collected 50 gold pieces.

Inventory:

Hand Weapons
 a - a +0 dagger (weapon)
Armour
 b - a +0 robe (worn)
 c - a +0 hat (worn)
Scrolls
 e - a scroll of teleportation {unknown}
 f - a scroll of poison {unknown}
 g - a scroll of identify {unknown}
 h - a scroll of enchant armour {unknown}
Potions
 d - a potion of magic


   Skills:
 * Level 3.1 Dodging
 + Level 2.8 Stealth
 + Level 4.6 Spellcasting
 + Level 1.5 Conjurations
 + Level 1.4 Summonings
 + Level 1.5 Translocations


You had 8 spell levels left.
You knew the following spells:

 Your Spells              Type           Power      Damage    Failure   Level
a - Magic Dart            Conj           36%        1d4       8%          1
b - Blink                 Tloc           18%        N/A       11%         2

Your spell library contained the following spells:

 Spells                   Type           Power      Damage    Failure   Level
 Call Imp                 Summ           9%         N/A       12%         2
 Slow                     Hex            16%        N/A       14%         1
 Conjure Flame            Conj/Fire      6%         6-21      30%         3
 Mephitic Cloud           Conj/Pois/Air  6%         N/A       32%         3


Dungeon Overview and Level Annotations

Branches:
Dungeon (1/15)

Altars:


Message History

You hit the quokka.
You kill the quokka!
The jackal closely misses you.
A kobold comes into view. It is wielding a +0 short sword.
You are too injured to fight recklessly!
The jackal attacks as you move away!
The jackal bites you but does no damage.
The jackal barely misses you. The jackal attacks as you move away!
The jackal misses you.
The jackal bites you but does no damage.
The jackal attacks as you move away! The jackal closely misses you.
The jackal bites you.
* * * LOW HITPOINT WARNING * * *
Casting: Magic Dart (safe; 8% risk of failure)
Confirm with . or Enter, or press ? or * to list all spells.
You blink.
You feel stable enough to blink again. The jackal barely misses you.
The jackal attacks as you move away! The jackal bites you.
* * * LOW HITPOINT WARNING * * *
Casting: Blink (safe; 11% risk of failure)
Confirm with . or Enter, or press ? or * to list all spells.
You don't have enough magic to cast this spell.
The jackal attacks as you move away! The jackal misses you.
The jackal bites you.
* * * LOW HITPOINT WARNING * * *
Casting: Blink (safe; 11% risk of failure)
Confirm with . or Enter, or press ? or * to list all spells.
Aiming: Magic Dart (safe; 8% risk of failure)
Press: ? - help, Shift-Dir - straight line, f - jackal
Aim: a jackal (100% to hit)
The magic dart hits the jackal but does no damage.
The jackal closely misses you.
You are too injured to fight recklessly!
You are too injured to fight recklessly!
You hit the jackal but do no damage. The jackal barely misses you.
The jackal closely misses you.
You closely miss the jackal. The jackal barely misses you.
You barely miss the jackal. The jackal bites you.
You die...

####....#...##......####)........
#....#..#.................).#.###
..####..#......#####........#.#
.## #......##.######.......#.#
######...#####.....##.......#.#
.........# #####.##.........#
.........#########............#
###.#............##.#.........#
...............h@.............###
##.....†.....#####..####.###.....
.#.......###.####..## #...#...#.
.#............#Z#.## ###...#...
..........#..###### ##..###.
........#...##...#### #....##
.............+.>.'..## ##....#
.......#....##...##..##### ###.^.
..####.########.####.....####....


You could see a jackal.

Vanquished Creatures
  A ball python (D:1)
  4 endoplasms (D:1)
  3 goblins (D:1)
  2 hobgoblins (D:1)
  5 jackals (D:1)
  2 kobolds (D:1)
  A quokka (D:1)
  3 bats (D:1)
  3 frilled lizards (D:1)
  2 rats (D:1)
26 creatures vanquished.

Notes
Turn   | Place    | Note
-------+----------+-------------------------------------------
     0 | D:1      | kingofthe the Deep Elf Hedge Wizard began the quest for the
                  | Orb.
     0 | D:1      | Reached XP level 1. HP: 10/10 MP: 7/7
     0 | D:1      | Noticed a merfolk zombie
    15 | D:1      | Noticed a merfolk zombie
    17 | D:1      | Noticed a demonspawn zombie
    19 | D:1      | Noticed a minotaur zombie
   390 | D:1      | Reached XP level 2. HP: 15/15 MP: 6/9
   393 | D:1      | Learned a level 2 spell: Blink
   869 | D:1      | Reached XP level 3. HP: 15/19 MP: 1/11
   902 | D:1      | Slain by a jackal

Illustrated notes

Levels and vault maps discovered:
D:1:      shiori_arrival_whats_in_store_for_you, layout_rooms

Skill      XL: |  1  2 |
---------------+-------+-----
Dodging        | 3 |  3.1
Stealth        | |  2.8
Spellcasting   | |  4.6
Conjurations   | |  1.5
Summonings     | |  1.4
Translocations | |  1.5

Action                   || total
-------------------------++-------
Melee: Dagger            ||    28
 Cast: Magic Dart        ||    61
       Blink             ||     1
Armor: Robe              ||     4
Dodge: Dodged            ||    30
